 Dungeon Crawl Stone Soup version 0.20.0-15-g7f486f2 (webtiles) character file.

8350 maniacrov the Cleaver (level 11, -3/101 HPs)
             Began as a Minotaur Berserker on June 20, 2017.
             Was a High Priest of Trog.
             Killed from afar by an electric eel (10 damage)
             ... with a bolt of electricity
             ... on level 10 of the Dungeon.
             The game lasted 00:30:32 (7579 turns).

maniacrov the Cleaver (Minotaur Berserker)          Turns: 7579, Time: 00:30:33

Health: -3/101     AC: 14    Str: 31      XL:     11   Next: 8%
Magic:  19/19      EV:  8    Int:  7 (8)  God:    Trog [*****.]
Gold:   536        SH: 17    Dex: 10 (12) Spells: 10/10 levels left

rFire    . . .     SeeInvis .   F - +9 war axe of Skirmishing {freeze, Str+6}
rCold    . . .     Gourm    .   A - +0 large shield
rNeg     + . .     Faith    .   j - +0 chain mail
rPois    .         Spirit   .   (helmet restricted)
rElec    .         Reflect  .   (no cloak)
rCorr    .         Harm     .   (no gloves)
MR       .....                  J - +2 pair of boots
Stlth    ..........             (no amulet)
Regen    0.3/turn               p - ring of Quvaig {rN+ MP+9 Int+2 Dex+2 Stlth-}
MPRegen  0.2/turn               (no ring)

@: no status effects
A: retaliatory headbutt, horns 2, talons 1, blurry vision 1, clever 1
a: Berserk, Trog's Hand, Brothers in Arms, Burn Spellbooks, Renounce Religion


You were on level 10 of the Dungeon.
You worshipped Trog.
Trog was extremely pleased with you.
You were not hungry.

You visited 1 branch of the dungeon, and saw 10 of its levels.

You collected 536 gold pieces.

Inventory:

Hand Weapons
 F - the +9 war axe of Skirmishing (weapon) {freeze, Str+6}
   (You found it on level 8 of the Dungeon)

   It has been specially enchanted to freeze those struck by it, causing extra
   injury to most foes and up to half again as much damage against particularly
   susceptible opponents.
   It can also slow down cold-blooded creatures.
   It affects your strength (+6).
Armour
 j - a +0 chain mail (worn)
 A - a +0 large shield (worn)
 J - a +2 pair of boots (worn)
Jewellery
 p - the ring of Quvaig (left hand) {rN+ MP+9 Int+2 Dex+2 Stlth-}
   (You found it on level 10 of the Dungeon)

   [ring of loudness]

   It affects your intelligence (+2).
   It affects your dexterity (+2).
   It protects you from negative energy.
   It affects your magic capacity (+9).
   It makes you less stealthy.
Wands
 m - a wand of acid (6/15)
 H - a wand of iceblast (10/15)
Scrolls
 d - 3 scrolls of identify
 h - 3 scrolls of fear
 i - 7 scrolls of teleportation
 k - 3 scrolls of recharging
 o - 3 scrolls of remove curse
 v - a scroll of blinking
 w - a scroll of enchant armour
 B - a scroll of silence
 C - a scroll of random uselessness
 D - 3 scrolls of enchant weapon
 I - a scroll of vulnerability
Potions
 a - a potion of might {unknown}
 e - 3 potions of haste
 l - a potion of lignification
 q - a potion of flight
 u - a potion of curing
 z - a potion of magic
 G - 2 potions of brilliance
Comestibles
 b - 32 fruits
 c - 4 bread rations
 f - 2 meat rations
 g - a royal jelly


   Skills:
 * Level 10.4 Fighting
 * Level 12.5 Axes
 + Level 9.5 Armour
 + Level 7.2 Dodging
 - Level 0.8 Stealth
 + Level 5.6 Shields


You had 10 spell levels left.
You didn't know any spells.

Dungeon Overview and Level Annotations

Branches:
Dungeon (10/15)            Temple (0/1) D:5            Lair (0/6) D:10
    Orc: D:9-12

Altars:
Elyvilon
Fedhas
Sif Muna
Uskayaw


Innate Abilities, Weirdness & Mutations

You reflexively headbutt those who attack you in melee.
You have a pair of horns on your head.
You have sharp toenails.
Scrolls take you a little longer to read.
Your mind is acute. (Int +2)


Message History

The electric eel shoots out a bolt of lightning at you!
The bolt of electricity hits you!
* * * LOW HITPOINT WARNING * * *
The bolt of electricity hits you!
* * * LOW HITPOINT WARNING * * *
The electric eel shoots out a bolt of lightning at you!
The bolt of electricity hits you!
* * * LOW HITPOINT WARNING * * *
The bolt of electricity hits the plant.
You feel much better.
The electric eel shoots out a bolt of lightning at you!
The bolt of electricity hits you!
* * * LOW HITPOINT WARNING * * *
The bolt of electricity hits you!
* * * LOW HITPOINT WARNING * * *
The electric eel shoots out a bolt of lightning at you!
The bolt of electricity hits you!
* * * LOW HITPOINT WARNING * * *
The bolt of electricity hits you!
You die...

########.#######.# #.
#.....†.#........# ..
#.######.######### #
#.# ########## #.#
##...≈≈≈≈≈##
###.#####.########.##
#......#≈##..≈(.≈##.#
#.######≈#...P.)≈≈#.#
#.# #.#....P@;≈#.#
#.# #.#'....;;≈#≈#
#.# #.(#.....≈##≈##
#.#
##(##########≈####
#.# #(≈##..≈.≈≈##≈#..
#.# ##(#...P≈.≈≈#.#.#
#.#
#####≈#....≈!≈≈#.#.#
#.#
#...#)#'..PP.≈≈#.#.#
#.#
#...#..#..P(.≈##'#.#


You could see 3 electric eels.

Vanquished Creatures
  3 two-headed ogres
  A centaur warrior (D:10)
  An ugly thing (D:7)
  Joseph (D:9)
  3 hippogriffs
  A wyvern (D:8)
  4 vampire mosquitoes (D:10)
  3 sky beasts
  2 ice beasts
  An orc warrior (D:8)
  A necrophage (D:10)
  5 ogres
  3 centaurs
  A big kobold (D:10)
  5 bullfrogs
  2 wyvern skeletons (D:10)
  A water moccasin skeleton (D:5)
  4 scorpions
  3 killer bees (D:10)
  5 wights (D:8)
  3 electric eels (D:10)
  2 howler monkeys (D:8)
  6 crimson imps
  3 bullfrog skeletons
  5 hounds
  3 jellies
  4 orc priests
  3 orc wizards
  A centaur skeleton (D:5)
  Jessica (D:3)
  5 iguanas
  5 worker ants
  A hound zombie (D:9)
  A hound skeleton (D:10)
  A howler monkey zombie (D:5)
  A howler monkey skeleton (D:8)
  10 adders
  3 oozes (D:1)
  An adder zombie (D:8)
  3 worms
  A dart slug (D:1)
  7 leopard geckos
  25 orcs
  2 ball pythons (D:2)
  8 giant cockroaches
  6 goblins
  6 hobgoblins
  2 jackals (D:6)
  6 quokkas
  7 bats
  6 frilled lizards
  2 jackal skeletons
  12 kobolds
  A leopard gecko zombie (D:9)
  A quokka skeleton (D:4)
  10 rats
214 creatures vanquished.

Vanquished Creatures (others)
  A fungus (D:6)
  A plant (D:10)
2 creatures vanquished.

Grand Total: 216 creatures vanquished

Notes
Turn   | Place    | Note
-------+----------+-------------------------------------------
     0 | D:1      | maniacrov the Minotaur Berserker began the quest for the Orb.
     0 | D:1      | Reached XP level 1. HP: 19/19 MP: 0/0
    53 | D:1      | Reached XP level 2. HP: 17/27 MP: 1/1
   231 | D:1      | Reached skill level 4 in Axes
   510 | D:1      | Reached XP level 3. HP: 29/34 MP: 2/2
   568 | D:1      | Reached ** piety under Trog
  1071 | D:2      | Reached XP level 4. HP: 41/41 MP: 3/3
  1612 | D:3      | Reached skill level 5 in Axes
  1846 | D:3      | Found a white marble altar of Elyvilon.
  2024 | D:3      | Reached *** piety under Trog
  2069 | D:3      | Reached skill level 5 in Fighting
  2069 | D:3      | Reached XP level 5. HP: 37/48 MP: 4/4
  2188 | D:3      | Noticed Jessica
  2354 | D:3      | Killed Jessica
  2410 | D:3      | Gained mutation: Scrolls take you a little longer to read. [potion of mutation]
  2410 | D:3      | Gained mutation: Your mind is acute. (Int +2) [potion of mutation]
  2410 | D:3      | Gained mutation: You have sharp toenails. [potion of mutation]
  2478 | D:4      | Reached skill level 6 in Axes
  2482 | D:4      | Reached XP level 6. HP: 56/56 MP: 5/5
  2848 | D:4      | Reached XP level 7. HP: 26/62 MP: 6/6
  2889 | D:4      | Reached skill level 7 in Axes
  3197 | D:5      | Entered Level 5 of the Dungeon
  3334 | D:5      | Found a staircase to the Ecumenical Temple.
  3446 | D:5      | Reached **** piety under Trog
  3502 | D:5      | Reached skill level 5 in Armour
  3504 | D:5      | Reached skill level 8 in Axes
  3767 | D:5      | Reached XP level 8. HP: 45/70 MP: 7/7
  4033 | D:6      | Found a deep blue altar of Sif Muna.
  4107 | D:6      | Found a blossoming altar of Fedhas.
  4648 | D:7      | Noticed a cyan ugly thing
  4649 | D:7      | Noticed a hippogriff
  4659 | D:7      | Reached skill level 9 in Axes
  4665 | D:7      | Killed a hippogriff
  4666 | D:7      | Killed a cyan ugly thing
  4666 | D:7      | Reached skill level 10 in Axes
  4755 | D:7      | Reached XP level 9. HP: 23/79 MP: 8/8
  5281 | D:7      | Reached skill level 5 in Dodging
  5366 | D:7      | Reached skill level 1 in Shields
  5619 | D:8      | Reached ***** piety under Trog
  5629 | D:8      | Got an ebony war axe
  5676 | D:8      | Identified the +9 war axe of Skirmishing {freeze, Str+6} (You found it on level 8 of the Dungeon)
  5902 | D:8      | Reached skill level 11 in Axes
  6142 | D:9      | Noticed a two-headed ogre
  6149 | D:9      | Killed a two-headed ogre
  6149 | D:9      | Reached XP level 10. HP: 65/91 MP: 9/9
  6906 | D:9      | Noticed Joseph
  6911 | D:9      | Killed Joseph
  6948 | D:10     | Entered Level 10 of the Dungeon
  6955 | D:10     | Noticed a two-headed ogre
  6962 | D:10     | Killed a two-headed ogre
  6962 | D:10     | Reached skill level 12 in Axes
  6994 | D:10     | Found a staircase to the Lair.
  7280 | D:10     | Reached skill level 10 in Fighting
  7280 | D:10     | Reached skill level 5 in Shields
  7291 | D:10     | Got a smoking copper ring
  7296 | D:10     | Identified the ring of Quvaig {rN+ MP+9 Int+2 Dex+2 Stlth-} (You found it on level 10 of the Dungeon)
  7352 | D:10     | Found a hide-covered altar of Uskayaw.
  7382 | D:10     | Noticed a two-headed ogre
  7388 | D:10     | Killed a two-headed ogre
  7517 | D:10     | Noticed a centaur warrior
  7526 | D:10     | Killed a centaur warrior
  7526 | D:10     | Reached XP level 11. HP: 67/101 MP: 10/10
  7579 | D:10     | Killed from afar by an electric eel

Skill      XL: |  1  2  3  4  5  6  7  8  9 10 |
---------------+-------------------------------+-----
Fighting       | 4 5 6 7 9 10 | 10.4
Axes           | 4 5 6 8 10 11 12 | 12.5
Dodging        | 3 4 6 7 |  7.2
Armour         | 3 4 5 7 8 9 |  9.5
Shields        | 3 5 |  5.6
Stealth        | |  0.8

Action                   |  1- 3 |  4- 6 |  7- 9 | 10-12 || total
-------------------------+-------+-------+-------+-------++-------
Melee: Hand axe          |    66 |   135 |   262 |       ||   463
       Headbutt          |    13 |    20 |    50 |    15 ||    98
       Kick              |       |    12 |    11 |       ||    23
       War axe           |       |       |    33 |    97 ||   130
Invok: Berserk           |       |       |     1 |     1 ||     2
       Burn Spellbooks   |       |       |       |     2 ||     2
  Use: Scroll            |     1 |     8 |     6 |     9 ||    24
       Potion            |       |     5 |       |    10 ||    15
  Eat: Meat ration       |       |     1 |     1 |     1 ||     3
       Royal jelly       |       |     1 |       |       ||     1
       Bread ration      |       |       |     2 |       ||     2
Armor: Animal skin       |     8 |       |       |       ||     8
       Leather armour    |     3 |     1 |       |       ||     4
       Ring mail         |       |    27 |       |       ||    27
       Scale mail        |       |    14 |       |       ||    14
       Chain mail        |       |       |   152 |    28 ||   180
Dodge: Dodged            |    52 |    79 |   113 |    22 ||   266
Block: Large shield      |       |       |    95 |    68 ||   163
